 Dungeon Crawl Stone Soup version 0.29.1-15-g9cfb28693d (webtiles) character file.

Game seed: 6685385982039105993

1 crabbadone the Sneak (level 1, 0/9 HPs)
             Began as a Spriggan Enchanter on Mar 22, 2023.
             Slain by a hobgoblin (2 damage)
             ... on level 1 of the Dungeon.
             The game lasted 00:04:06 (120 turns).

crabbadone the Sneak (Spriggan Enchanter)            Turns: 120, Time: 00:04:07

Health: 0/9        AC:  2    Str:  4    XL:     1   Next: 16%
Magic:  5/5        EV: 17    Int: 16    God:
Gold:   11         SH:  0    Dex: 15    Spells: 5/5 levels left

rFire   . . .      SeeInvis +   a - +1 dagger
rCold   . . .      Faith    .   (no shield)
rNeg    . . .      Spirit   .   b - +0 robe
rPois   .          Reflect  .   (helmet restricted)
rElec   .          Harm     .   (no cloak)
rCorr   .          Rampage  .   (gloves unavailable)
Will    .....                   (boots unavailable)
Stlth   +++.......              (no amulet)
HPRegen 0.03/turn               (no ring)
MPRegen 0.09/turn               (no ring)

@: invisible, very quick
A: very small, no large weapons, unfitting armour, see invisible, speed 3
a: no special abilities


You were on level 1 of the Dungeon.
You visited 1 branch of the dungeon, and saw 1 of its levels.

You collected 11 gold pieces.

Inventory:

Hand Weapons
 a - a +1 dagger (weapon)
 e - a +0 dagger
Armour
 b - a +0 robe (worn)
Scrolls
 d - 2 scrolls of magic mapping {unknown}
 f - a scroll of poison {unknown}
Potions
 c - a potion of invisibility


   Skills:
 + Level 1.1 Short Blades
 + Level 2.7 Dodging
 + Level 4.4 Stealth
 - Level 2.6 Spellcasting
 + Level 3.6 Hexes


You had 5 spell levels left.
You didn't know any spells.
Your spell library contained the following spells:

 Spells                   Type           Power      Damage    Failure   Level
 Confusing Touch          Hex            13%        N/A       13%         3
 Tukima's Dance           Hex            13%        N/A       13%         3
 Ensorcelled Hibernation  Hex/Ice        16%        N/A       14%         2
 Dazzling Flash           Conj/Hex       16%        N/A       26%         3


Dungeon Overview and Level Annotations

Branches:
Dungeon (1/15)

Altars:


Innate Abilities, Weirdness & Mutations

You are very small and have problems with some larger weapons.
You are too small for most types of armour.
You have supernaturally acute eyesight. (SInv)
You cover ground extremely quickly. (Speed+++)


Message History

The bat misses you.
You hit the bat.
You kill the bat!
The hobgoblin closely misses you.
There are monsters nearby!
There are monsters nearby!
You closely miss the hobgoblin. The hobgoblin misses you.
You closely miss the hobgoblin. The hobgoblin hits you.
You barely miss the hobgoblin.
The hobgoblin hits you but does no damage.
You hit the hobgoblin.
The hobgoblin is heavily wounded.
The hobgoblin hits you.
You hit the hobgoblin.
The hobgoblin is severely wounded.
The hobgoblin hits you.
The teleport trap disappears.
The kobold disappears!
There is a large open door here.
You close the large door.
You now have 11 gold pieces.
Something unseen breaks down the large door.
Found a scroll labelled SEKHAHYFEO.
Found a stone staircase leading down.
f - a scroll labelled SEKHAHYFEO You start resting.
A hobgoblin is nearby!
A jackal comes into view.
Found a golden potion.
Found a scroll labelled FUBYES XEKK.
You barely miss the hobgoblin.
The hobgoblin is moderately wounded.
The hobgoblin hits you.
* * * LOW HITPOINT WARNING * * *
You see here a scroll labelled FUBYES XEKK.
d - 2 scrolls labelled FUBYES XEKK (gained 1)
A dart slug comes into view.
An endoplasm comes into view.
You fade into invisibility!
The hobgoblin hits you.
You die...

........# ...h#
###.# # #.#
###.######
.........#
####.###.###########
...K......K........#
...............g@..#
########+########..#
####.........####..#
##....†..K.#...##..#
#......#'#...#..#..#
'.....##<##.....+..#
'.....##>##.§...+w.#
#..#...#+#......#.J#
##...#.........##...


You could see a dart slug (unable to see you), an endoplasm, a hobgoblin (unable
to see you) and a kobold (unable to see you).

Vanquished Creatures
  A bat (D:1)
1 creature vanquished.

Notes
Turn   | Place    | Note
-------+----------+-------------------------------------------
     0 | D:1      | crabbadone the Spriggan Enchanter began the quest for the
                  | Orb.
     0 | D:1      | Reached XP level 1. HP: 9/9 MP: 5/5
   120 | D:1      | Slain by a hobgoblin

Illustrated notes

Levels and vault maps discovered:
D:1:      dpeg_arrival_refuge, layout_loops_ring

Action                   || total
-------------------------++-------
Melee: Dagger            ||    12
  Use: Potion            ||     1
Armor: Robe              ||     2
Dodge: Dodged            ||     8
